 Dungeon Crawl Stone Soup version 0.28-a0-630-g0357d9c091 (webtiles) character file.

Game seed: 15030175628207464234

55 DungeonMaster the Skirmisher (level 3, -32/31 HPs)
             Began as a Demonspawn Wanderer on Oct 9, 2021.
             Killed from afar by Ijyb (40 damage)
             ... with a bolt of acid
             ... on level 2 of the Dungeon.
             The game lasted 00:03:33 (2082 turns).

DungeonMaster the Skirmisher (Demonspawn Wanderer)  Turns: 2082, Time: 00:03:34

Health: -32/31     AC:  2    Str: 13 (14) XL:     3   Next: 67%
Magic:  3/3        EV: 11    Int: 10 (12) God:
Gold:   79         SH:  0    Dex:  9 (12) Spells: 2/2 levels left

rFire   . . .      SeeInvis .   w - +2 hand crossbow
rCold   . . .      Faith    .   (no shield)
rNeg    . . .      Spirit   .   f - +0 robe
rPois   .          Reflect  .   (helmet restricted)
rElec   .          Harm     .   (no cloak)
rCorr   .          Rampage  .   (no gloves)
Will    .....                   (no boots)
Stlth   +.........              (no amulet)
HPRegen 0.10/turn               (no ring)
MPRegen 0.08/turn               (no ring)

@: no status effects
A: horns 1
a: no special abilities


You were on level 2 of the Dungeon.
You visited 1 branch of the dungeon, and saw 2 of its levels.

You collected 79 gold pieces.

Inventory:

Hand Weapons
 a - a +0 long sword
 w - a +2 hand crossbow (weapon)
Missiles
 b - 33 bolts (quivered ammo)
 d - 13 poisoned darts
 i - 21 arrows
 l - 50 sling bullets
 m - 39 stones
Armour
 f - a +0 robe (worn)
Scrolls
 e - 2 scrolls of acquirement {unknown}
 g - a scroll of silence {unknown}
 h - a scroll of identify {unknown}
 k - 3 scrolls of teleportation {unknown}
 n - a scroll of magic mapping {unknown}
Potions
 c - a potion of lignification


   Skills:
 * Level 4.5 Fighting
 - Level 3.6 Crossbows
 - Level 1.0 Throwing
 * Level 1.5 Armour
 * Level 1.6 Dodging
 - Level 1.0 Stealth


You had 2 spell levels left.
You didn't know any spells.
Your spell library was empty.

Dungeon Overview and Level Annotations

Branches:
Dungeon (2/15)

Altars:

Annotations:
D:2 Ijyb


Innate Abilities, Weirdness & Mutations

You have a pair of small horns on your head.


Message History

The bolt hits the goblin!
You kill the goblin!
Fire: 37 bolts
Press: ? - help, Q - select action, (/) - cycle Shift-Dir - straight line, f - goblin
Aim: a goblin, wielding a +0 dagger (wandering, hasn't noticed you, 60% to hit)
You shoot a bolt. The goblin shouts!
The bolt hits the goblin!
You kill the goblin!
A goblin comes into view. It is wielding a +0 dagger.
Ijyb the Twisted Goblin comes into view.
She is wielding a +0 club and carrying a wand of acid (6).
A goblin comes into view. It is wielding a +0 club.
The goblin shouts!
Ijyb zaps a wand.
The bolt of acid misses you.
Ijyb screams, "Level is mine!
All mine!"
You aren't carrying any items that you can evoke.
Unknown command.
It was a potion of degeneration.
There was something very wrong with that liquid.
You feel weakened.
You feel dopey.
You feel clumsy. The goblin misses you.
Fire: 36 bolts
Press: ? - help, Q - select action, (/) - cycle Shift-Dir - straight line, f - Ijyb
Aim: Ijyb, wielding a +0 club, wearing a +0 leather armour and carrying a wand of acid (5) (58% to hit)
You shoot a bolt. The bolt hits the goblin!
You kill the goblin!
Fire: 35 bolts
Press: ? - help, Q - select action, (/) - cycle Shift-Dir - straight line, f/p - Ijyb
Aim: Ijyb, wielding a +0 club, wearing a +0 leather armour and carrying a wand of acid (5) (58% to hit)
You shoot a bolt. The bolt hits Ijyb but does no damage.
Ijyb zaps a wand.
The bolt of acid hits you!!
Ouch! That really hurt!
* * * LOW HITPOINT WARNING * * *
Fire: 34 bolts
Press: ? - help, Q - select action, (/) - cycle Shift-Dir - straight line, f/p - Ijyb
Aim: Ijyb, wielding a +0 club, wearing a +0 leather armour and carrying a wand of acid (4) (58% to hit)
You shoot a bolt. The bolt hits Ijyb but does no damage.
Ijyb zaps a wand.
The bolt of acid hits you!!!
Ouch! That really hurt!
You die...

.#.#..#.#.....##.###.......#
#.####.##....##.# #.......#
.#........######.# #.......#
........#.# #.# #.......#
#########.# #g# #.......#
..........# #g# #....####
########### #.# ######
......# #)# #####.# #@# #.#
#.# #.# #.# #.# #.#
#.##########.##
#.............#
#.############# ###


You could see Ijyb and a goblin.

Vanquished Creatures
  2 worms (D:2)
  A dart slug (D:1)
  4 endoplasms
  3 giant cockroaches
  11 goblins
  3 jackals (D:1)
  3 kobolds
  4 quokkas
  3 ball pythons
  2 bats
  4 frilled lizards
  3 rats (D:2)
43 creatures vanquished.

Notes
Turn   | Place    | Note
-------+----------+-------------------------------------------
     0 | D:1      | DungeonMaster the Demonspawn Wanderer began the quest for
                  | the Orb.
     0 | D:1      | DungeonMaster set off with the following items: a +2 hand
                  | crossbow, 25 bolts, a potion of lignification, 13 poisoned
                  | darts, a +0 dagger, a +0 robe
     0 | D:1      | Reached XP level 1. HP: 19/19 MP: 1/1
   112 | D:1      | Found a faded altar of an unknown god.
   378 | D:1      | Gained mutation: You have a pair of small horns on your
                  | head. [demonic ancestry]
   378 | D:1      | Reached XP level 2. HP: 22/25 MP: 2/2
   816 | D:1      | Reached skill level 1 in Dodging
  1073 | D:1      | Reached skill level 1 in Armour
  1708 | D:2      | Reached XP level 3. HP: 27/31 MP: 3/3
  2058 | D:2      | Noticed Ijyb
  2082 | D:2      | Killed from afar by Ijyb

Illustrated notes

Levels and vault maps discovered:
D:1:      wheals_arrival_linesprint, layout_basic, basic_ecumenical_altar
D:2:      kennysheep_the_goblin_king, layout_basic, basic_altar

Skill      XL: |  1  2 |
---------------+-------+-----
Dodging        | 1 |  1.6
Armour         | 1 |  1.5
Fighting       | |  4.5
Crossbows      | |  3.6
Throwing       | |  1.0
Stealth        | |  1.0

Action                   || total
-------------------------++-------
Melee: Spear             ||    17
 Fire: Hand crossbow     ||    79
  Use: Potion            ||     1
 Stab: Sleeping          ||     1
Armor: Robe              ||     5
Dodge: Dodged            ||    25

Table legend: (Time is in decaauts)
 A = Elapsed time spent in this place.
 B = Non-inter-level travel time spent in this place.
 C = Inter-level travel time spent in this place.
 D = Time resting spent in this place.
 E = Time spent auto-exploring this place.
 F = Levels seen in this place.
 G = Mean time per level.
                   A        B        C        D        E       F      G
               +--------+--------+--------+--------+--------+-----+--------+
         Total |   2106 |   2080 |     26 |    142 |   1669 |   2 | 1053.0 |
       Dungeon |   2106 |   2080 |     26 |    142 |   1669 |   2 | 1053.0 |
               +--------+--------+--------+--------+--------+-----+--------+

Top non-repeatable levels by time:
     D:1: 1548 daAuts
     D:2: 558 daAuts
